Map: [TLMC9] Arch of Janus

Players

LimArcadia

  • Race: Zerg Zerg
  • Spawn Location: 9:00

Dragon - Winner!

  • Race: Protoss Protoss
  • Spawn Location: 6:00

VOD

Have the link to the VOD?

Description

Time

  • Played on: Oct. 21, 2017, 9:20 p.m.
  • Length: 28:39
Show
View Real Time Build Order
Export as new Build Order

LimArcadia Zerg 

Build Orders: Hatch First 

Get SALT Encoding   

  12  0:02  Drone  
  13  0:11  Overlord  
  14  0:14  Drone  
  14  0:20  Extractor  
  14  0:21  Drone  
  15  0:29  Overlord  
  15  0:46  Hatchery  
  14  0:52  Drone  
  14  0:53  Drone  
  16  1:02  Drone  
  17  1:10  Spawning Pool  
  16  1:11  Drone  
  17  1:36  Drone x2  
  19  1:42  Extractor  
  18  1:57  Drone x2  
  18  1:59  Queen  
  22  2:02  Queen  
  24  2:08  Drone  
  24  2:09  Drone x2  
  27  2:29  Spine Crawler  
  26  2:30  Drone  
  26  2:31  Drone x3  
  30  2:43  Zergling x2  
  30  2:44  Zergling x2  
  32  2:49  Metabolic Boost  
  32  2:59  Zergling x6  
  35  3:15  Overlord x5  
  33  3:42  Zergling x2  
  33  3:43  Zergling x12  
  37  3:52  Zergling x2  
  37  3:54  Zergling x2  
  39  4:01  Zergling x2  
  40  4:07  Zergling x2  
  40  4:08  Zergling x2  
  42  4:17  Zergling x4  
  37  4:25  Evolution Chamber  
  36  4:31  Zergling x4  
  36  4:32  Zergling x10  
  41  4:49  Roach Warren  
  40  4:54  Overlord  
  40  4:55  Overlord x3  
  40  5:12  Zergling x2  
  40  5:13  Zergling x10  
  46  5:17  Zerg Ground Armor Level 1  
  46  5:32  Zergling x2  
  46  5:33  Zergling x12  
  53  5:49  Hatchery  
  52  5:52  Drone x3  
  35  6:32  Zergling x2  
  33  6:33  Zergling x10  
  36  6:48  Lair  
  36  6:53  Extractor  
  35  6:57  Drone x4  
  39  7:10  Roach  
  39  7:11  Zerg Melee Weapons Level 1, Roach x5  
  51  7:24  Roach  
  51  7:25  Roach  
  55  7:30  Zergling x2  
  55  7:31  Zergling x8  
  60  7:44  Drone  
  60  7:45  Drone x8  
  69  8:01  Zergling x2  
  69  8:02  Roach x3  
  76  8:07  Queen  
  76  8:10  Extractor  
  77  8:13  Extractor  
  69  8:33  Zergling x2  
  68  8:34  Roach  
  68  8:35  Roach x3  
  74  8:56  Roach  
  74  8:57  Roach x2  
  80  9:22  Spore Crawler  
  79  9:30  Spore Crawler  
  78  9:37  Zergling x2  
  78  9:38  Roach  
  81  9:42  Overlord x4  
  81  9:43  Overlord x15  
  81  9:44  Overlord x3  
  81  10:00  Zerg Melee Weapons Level 2  
  81  10:12  Roach  
  81  10:13  Roach x2  
  88  10:21  Drone x3  
  90  10:50  Roach  
  90  10:51  Roach x12  
  90  10:52  Roach  
  118  10:57  Hatchery  
  113  11:06  Hatchery  
  40  11:59  Roach, Zergling x2  
  43  12:08  Drone x2  
  43  12:09  Drone, Hydralisk Den  
  43  12:15  Drone x8  
  48  12:16  Drone x8  
  58  12:25  Lair  
  57  12:37  Roach Warren  
  57  12:38  Extractor  
  57  12:40  Extractor  
  54  12:46  Hatchery  
  53  12:51  Hydralisk  
  53  12:52  Hydralisk x8  
  53  12:53  Hydralisk  
  63  13:18  Roach x6  
  71  13:20  Spawning Pool  
  66  13:33  Roach x6  
  77  13:40  Burrow  
  71  13:44  Roach x2  
  62  13:57  Roach x2  
  62  14:06  Queen  
  64  14:10  Roach  
  64  14:11  Roach x5  
  71  14:23  Drone x3  
  69  14:42  Queen  
  37  15:00  Overlord  
  37  15:01  Zergling x16  
  41  15:18  Queen  
  41  15:29  Extractor  
  41  15:31  Extractor  
  41  15:33  Extractor  
  41  15:35  Extractor  
  37  15:48  Drone  
  37  15:49  Drone x11  
  49  16:15  Queen  
  49  16:16  Queen  
  53  16:21  Drone x3  
  56  16:26  Drone x2  
  58  16:36  Overlord  
  58  16:37  Overlord x6  
  58  16:48  Hydralisk Den  
  57  17:02  Infestation Pit  
  57  17:04  Roach  
  57  17:05  Roach x8  
  74  17:09  Overseer  
  74  17:14  Overseer  
  74  17:46  Overseer  
  74  17:49  Glial Reconstitution  
  74  17:52  Roach  
  74  17:53  Roach x9  
  74  17:54  Roach x2  
  98  18:16  Roach  
  98  18:17  Roach x7  
  114  18:35  Overlord  
  114  18:36  Overlord x4  
  114  18:43  Muscular Augments  
  114  19:06  Drone x2  
  114  19:07  Drone  
  117  19:11  Drone  
  117  19:12  Drone x4  
  122  19:24  Drone x2  
  122  19:25  Drone  
  125  19:33  Hydralisk x3  
  125  19:34  Hydralisk x6  
  143  19:43  Hive  
  143  19:45  Evolution Chamber  
  142  20:15  Hydralisk  
  142  20:16  Hydralisk x5  
  142  20:20  Overlord x4  
  142  20:21  Overlord x7  
  154  20:22  Overlord  
  154  20:35  Hydralisk  
  154  20:41  Hydralisk  
  154  20:42  Hydralisk x6  
  168  21:08  Hydralisk, Spire  
  168  21:09  Hydralisk x9  
  187  21:41  Hydralisk  
  187  21:42  Hydralisk x5  
  199  22:24  Greater Spire  
  199  22:31  Zerg Missile Weapons Level 1  
  166  23:15  Corruptor  
  166  23:16  Corruptor x13  
  166  23:17  Corruptor  
  196  23:41  Zerg Flyer Armor Level 1  
  196  23:53  Drone x3  
  199  24:04  Spire  
  115  25:31  Mutalisk, Corruptor  
  115  25:32  Corruptor x8  
  115  25:33  Corruptor x2  
  139  25:35  Zerg Flyer Weapons Level 1  
  137  26:06  Roach x3  
  137  26:07  Roach x15  
  137  26:08  Roach  
  175  26:24  Brood Lord  
  179  26:40  Roach x5  
  179  26:41  Roach x5  
  167  27:21  Corruptor  
  167  27:22  Corruptor x4  
  151  27:23  Hatchery  
  140  27:31  Zergling x2  
  140  27:32  Roach  
  140  27:33  Roach x5  
Show
View Real Time Build Order
Export as new Build Order

Dragon Protoss - Winner!

Build Orders:  

Get SALT Encoding   

  12  0:02  Probe (Chrono Boost)  
  13  0:11  Pylon  
  13  0:21  Assimilator  
  13  0:25  Probe (Chrono Boost)  
  14  0:32  Gateway  
  14  0:49  Gateway  
  14  0:52  Pylon  
  14  0:55  Probe (Chrono Boost)  
  15  1:10  Probe (Chrono Boost)  
  16  1:21  Zealot  
  18  1:27  Forge  
  18  1:43  Zealot  
  20  1:56  Cybernetics Core  
  20  1:58  Pylon, Assimilator  
  20  2:16  Protoss Ground Weapons Level 1  
  20  2:26  Pylon  
  20  2:31  Photon Cannon  
  20  2:33  Warp Gate (Chrono Boost)  
  20  2:36  Stalker  
  22  2:37  Stalker  
  24  2:56  Probe  
  25  3:08  Probe  
  26  3:14  Stalker  
  26  3:16  Zealot  
  30  3:20  Probe  
  31  3:29  Nexus  
  31  3:32  Mothership Core  
  33  3:53  Pylon  
  33  3:55  Pylon  
  33  3:57  Stalker  
  33  3:58  Zealot  
  33  4:52  Probe  
  33  4:53  Probe  
  35  5:00  Protoss Ground Armor Level 1 (Chrono Boost)  
  35  5:03  Probe  
  35  5:05  Probe  
  37  5:23  Photon Cannon  
  37  5:25  Photon Cannon  
  37  5:29  Assimilator  
  37  5:32  Assimilator  
  37  5:45  Stargate  
  37  5:48  Photon Cannon  
  37  5:57  Nexus  
  37  6:00  Probe  
  37  6:01  Probe  
  39  6:05  Stalker x2  
  39  6:10  Probe  
  43  6:13  Probe  
  25  6:34  Probe  
  25  6:35  Probe  
  27  6:44  Probe  
  28  6:47  Probe  
  28  6:48  Pylon  
  28  6:50  Photon Cannon  
  29  7:02  Stalker x2  
  29  7:06  Oracle  
  36  7:19  Gateway x2  
  36  7:26  Probe  
  37  7:32  Probe  
  37  7:36  Probe  
  38  7:44  Protoss Shields Level 1 (Chrono Boost), Probe  
  38  7:47  Probe  
  40  7:53  Sentry  
  40  7:56  Probe  
  41  8:08  Probe  
  42  8:17  Pylon  
  42  8:21  Probe  
  41  8:31  Stalker x2  
  44  8:39  Void Ray  
  48  8:55  Probe  
  49  9:05  Probe  
  50  9:16  Probe  
  50  9:21  Void Ray (Chrono Boost), Stalker x2  
  59  9:41  Nexus  
  59  9:44  Pylon  
  59  9:53  Stalker x4  
  67  10:01  Void Ray (Chrono Boost)  
  71  10:07  Stargate  
  71  10:16  Stalker x2  
  71  10:17  Stalker  
  77  10:33  Sentry  
  79  10:42  Void Ray (Chrono Boost)  
  83  10:51  Probe  
  83  10:55  Stalker  
  83  10:56  Stalker x2  
  90  11:03  Probe  
  91  11:15  Probe  
  78  11:29  Stalker x4  
  70  12:01  Stalker x4  
  76  12:39  Stalker  
  76  12:40  Stalker x3  
  84  13:04  Twilight Council  
  84  14:02  Stalker x2  
  88  14:03  Stalker x2  
  92  14:19  Protoss Ground Armor Level 2 (Chrono Boost)  
  92  14:23  Void Ray  
  58  15:12  Assimilator  
  58  15:15  Probe  
  58  15:16  Assimilator  
  59  15:23  Blink  
  59  15:27  Probe  
  54  15:39  Probe  
  55  15:49  Stalker  
  57  15:50  Stalker x3  
  57  15:51  Probe  
  57  15:55  Nexus  
  64  16:10  Fleet Beacon  
  64  16:16  Gateway  
  64  16:20  Protoss Ground Weapons Level 2 (Chrono Boost)  
  64  16:23  Assimilator  
  64  16:26  Stalker  
  64  16:27  Stalker x3  
  64  16:28  Assimilator  
  72  16:38  Probe  
  73  16:49  Probe  
  74  17:11  Sentry  
  74  17:12  Zealot x3  
  74  17:15  Probe  
  82  17:18  Probe  
  84  17:26  Probe  
  84  17:28  Probe  
  85  17:36  Probe  
  86  17:39  Pylon  
  87  17:44  Stalker  
  87  17:45  Stalker x4  
  87  17:48  Probe  
  98  17:59  Probe  
  98  18:01  Probe  
  98  18:02  Robotics Facility  
  100  18:06  Protoss Ground Armor Level 3 (Chrono Boost)  
  100  18:09  Probe  
  100  18:12  Probe  
  101  18:13  Pylon  
  102  18:20  Sentry, Probe  
  102  18:21  Stalker  
  102  18:24  Zealot  
  102  18:26  Sentry  
  111  18:48  Stargate  
  111  18:51  Immortal (Chrono Boost)  
  111  18:53  Probe  
  111  18:55  Probe  
  117  19:05  Probe  
  118  19:16  Probe  
  119  19:27  Graviton Catapult  
  119  19:32  Carrier (Chrono Boost)  
  125  19:40  Probe  
  126  19:50  Probe  
  126  19:51  Sentry x2  
  131  19:53  Nexus  
  131  19:56  Observer (Chrono Boost)  
  132  20:01  Probe  
  133  20:11  Stalker  
  133  20:12  Protoss Ground Weapons Level 3, Stalker x2  
  137  20:46  Immortal  
  141  20:56  Pylon  
  141  21:08  Pylon  
  141  21:11  Pylon  
  141  21:13  Assimilator  
  141  21:15  Assimilator  
  141  21:32  Carrier (Chrono Boost)  
  147  21:38  Immortal, Stargate  
  151  21:47  Stalker x5  
  157  22:20  Probe  
  164  22:30  Carrier (Chrono Boost), Probe  
  164  22:31  Protoss Shields Level 2  
  165  22:42  Sentry x2  
  169  22:44  Stalker  
  169  22:45  Stalker  
  179  22:52  Carrier (Chrono Boost)  
  167  23:09  Probe  
  168  23:14  Sentry x2  
  168  23:15  Zealot x2  
  168  23:16  Stalker  
  178  23:24  Gateway x2  
  178  23:27  Gateway  
  178  23:40  Nexus  
  178  23:41  Pylon  
  178  23:45  Pylon  
  178  23:54  Stalker  
  180  23:55  Stalker  
  180  23:57  Stalker x2  
  186  24:08  Carrier (Chrono Boost)  
  192  24:17  Stalker x2  
  196  24:25  Assimilator  
  196  24:29  Assimilator  
  196  24:35  Photon Cannon  
  196  24:36  Photon Cannon  
  196  24:39  Photon Cannon  
  132  25:30  Stalker x2  
  132  25:31  Stalker x3  
  132  25:32  Stalker x3  
  160  25:43  Carrier (Chrono Boost)  
  160  25:44  Carrier (Chrono Boost)  
  160  26:00  Protoss Shields Level 3  
  160  26:02  Stalker x5  
  160  26:03  Stalker x2  
  174  26:12  Charge  
  174  26:25  Sentry  
  176  26:26  Sentry x2  
  176  26:27  Sentry  
  176  26:28  Stalker  
  176  26:29  Stalker  
  176  26:30  Zealot x2  
  184  26:54  Carrier (Chrono Boost)  
  184  26:57  Stalker  
  184  26:58  Stalker x4  
  168  27:33  Stalker x5  
  168  27:34  Stalker  
  153  28:23  Stalker  
  153  28:24  Stalker x3  
  153  28:25  Stalker x2  
Tags
 
Add a new tag
Caveats
  • Supply blocks, unpowered buildings, or Contaminate may cause inaccurate times.
  • Supply counts are checked every 10 seconds.